 Dungeon Crawl Stone Soup version 0.27-a0-789-g6bb3289e1e (webtiles) character file.

Game seed: 2282104495464681393

83 rageheart7 the Skirmisher (level 4, 0/29 HPs)
             Began as a Tengu Fighter on Mar 26, 2021.
             Slain by an adder (4 damage)
             ... on level 2 of the Dungeon.
             The game lasted 00:01:36 (1359 turns).

rageheart7 the Skirmisher (Tengu Fighter)           Turns: 1359, Time: 00:01:37

Health: 0/29       AC:  6    Str: 18    XL:     4   Next: 44%
Magic:  5/5        EV:  9    Int:  8    God:
Gold:   97         SH:  0    Dex: 13    Spells: 3/3 levels left

rFire    . . .     SeeInvis .   i - +4 dagger
rCold    . . .     Faith    .   (no shield)
rNeg     + . .     Spirit   .   b - +0 scale mail
rPois    .         Reflect  .   (helmet restricted)
rElec    .         Harm     .   (no cloak)
rCorr    .         Rampage  .   (no gloves)
Will     .....                  (boots unavailable)
Stlth    ..........             (no amulet)
HPRegen  0.09/turn              j - ring of positive energy
MPRegen  0.09/turn              (no ring)

@: lethally poisoned (0 -> -9), hasted, very quick
A: beak, talons 3
a: no special abilities


You were on level 2 of the Dungeon.
You visited 1 branch of the dungeon, and saw 2 of its levels.

You collected 97 gold pieces.

Inventory:

Hand Weapons
 a - a +0 long sword
 i - a +4 dagger (weapon)
Armour
 b - a +0 scale mail (worn)
 c - a +0 kite shield
Jewellery
 j - a ring of positive energy (right hand)
Scrolls
 f - a scroll of teleportation {unknown}
 g - a scroll of identify {unknown}
 l - 2 scrolls of acquirement {unknown}
 n - a scroll of summoning {unknown}
 o - a scroll of enchant armour {unknown}
 p - a scroll of fog {unknown}
Potions
 d - a potion of might
 h - a potion of mutation {unknown}
 k - a potion of curing {unknown}
 m - a potion of degeneration {unknown}
 q - a potion of ambrosia {unknown}


   Skills:
 * Level 4.1 Fighting
 * Level 3.8 Long Blades
 - Level 3.2 Armour
 - Level 3.0 Shields


You had 3 spell levels left.
You didn't know any spells.
Your spell library was empty.

Dungeon Overview and Level Annotations

Branches:
Dungeon (2/15)

Altars:


Innate Abilities, Weirdness & Mutations

You have a beak for a mouth.
You have claws for feet.


Message History

The kobold throws a stone.
The stone hits you but does no damage.
The orc wizard casts a spell at itself.
The orc wizard flickers and vanishes!
The kobold throws a stone.
The kobold throws a stone.
The stone hits you but does no damage.
There is a stone staircase leading up here.
You swing at nothing.
You swing at nothing.
You hit something.
Reactivating autopickup.
You feel a bit more experienced.
A magic dart appears from out of thin air!
Deactivating autopickup; reactivate with Ctrl-A.
The magic dart hits you!
Your Fighting skill increases to level 4!
You have reached level 4!
You feel stronger.
The kobold throws a stone.
There is a stone staircase leading up here.
Things that are here:
a +0 dagger; a +0 robe; an orc corpse You hit something but do no damage.
Something hits you.
You barely miss something. Something hits you but does no damage.
You puncture something! You claw something. Something hits you.
You miss something. You claw something.
Reactivating autopickup.
You feel a bit more experienced.
You closely miss the adder. Your kick misses the adder. The adder bites you.
You are poisoned.
The adder poisons you! The adder misses you.
You hit the adder. You peck the adder.
The adder is moderately wounded.
You feel sick. The adder bites you.
* * * LOW HITPOINT WARNING * * *
You hit the adder. Your kick misses the adder.
The adder is heavily wounded.
You feel sick. The adder barely misses you.
It was a potion of haste.
You feel yourself speed up.
You feel sick. The adder bites you.
You die...

#....)..........#.>..........
##..............##....>.....
##...[.#.....#.##..........
####.####...#.##.....#.#.#
#.###..........{K.....#
##.##....##.##.....##..#
###..##†.####oK#.....o..#
###........# ##S######S#..#
#.....###.## #@# # . #######
#.# #.# ..# #.# #.## #.# ..
#.# ... #.. ... ##. . ..


You could see an adder, an orc and a kobold.

Vanquished Creatures
  2 orc wizards (D:2)
  A dart slug (D:2)
  5 bats
  5 endoplasms
  3 hobgoblins
  A jackal (D:1)
  4 ball pythons (D:1)
  A goblin (D:1)
  4 kobolds (D:1)
  4 rats
30 creatures vanquished.

Notes
Turn   | Place    | Note
-------+----------+-------------------------------------------
     0 | D:1      | rageheart7 the Tengu Fighter began the quest for the Orb.
     0 | D:1      | Reached XP level 1. HP: 14/14 MP: 2/2
   275 | D:1      | Reached XP level 2. HP: 12/19 MP: 3/3
   813 | D:1      | Reached XP level 3. HP: 23/23 MP: 4/4
  1351 | D:2      | Reached skill level 4 in Fighting
  1351 | D:2      | Reached XP level 4. HP: 18/29 MP: 5/5
  1359 | D:2      | Slain by an adder

Illustrated notes

Levels and vault maps discovered:
D:1:      shiori_arrival_maze, layout_basic
D:2:      layout_rooms, lemuel_doored_altar

Skill      XL: |  1  2  3 |
---------------+----------+-----
Long Blades    | 3 |  3.8
Fighting       | 4 |  4.1
Armour         | |  3.2
Shields        | |  3.0

Action                   |  1- 3 |  4- 6 || total
-------------------------+-------+-------++-------
Melee: Long sword        |    27 |       ||    27
       Kick              |    17 |     2 ||    19
       Peck              |    10 |     1 ||    11
       Dagger            |    17 |     7 ||    24
  Use: Potion            |       |     1 ||     1
Armor: Scale mail        |    26 |     1 ||    27
Dodge: Dodged            |    20 |     2 ||    22
       Rpst.: Long sword |     3 |       ||     3

Table legend: (Time is in decaauts)
 A = Elapsed time spent in this place.
 B = Non-inter-level travel time spent in this place.
 C = Inter-level travel time spent in this place.
 D = Time resting spent in this place.
 E = Time spent auto-exploring this place.
 F = Levels seen in this place.
 G = Mean time per level.
                   A        B        C        D        E       F      G
               +--------+--------+--------+--------+--------+-----+--------+
         Total |   1362 |   1342 |     20 |      0 |   1188 |   2 |  681.0 |
       Dungeon |   1362 |   1342 |     20 |      0 |   1188 |   2 |  681.0 |
               +--------+--------+--------+--------+--------+-----+--------+

Top non-repeatable levels by time:
     D:1: 1152 daAuts
     D:2: 210 daAuts
